3270 views
Uploaded 2020-05-22 08:39:34
Game version 1.32.4 / 1.32.5
14:09 long 2on2 ladder game on (4)SynergyBigPaved
Saved by Redwood
3270 views
Uploaded 2020-05-22 08:39:34
Game version 1.32.4 / 1.32.5
14:09 long 2on2 ladder game on (4)SynergyBigPaved


35 units @ 6.6k
/ 1.2k
22 buildings @ 3.5k
/ 1.1k



| Rod of Necromancy | 3 | 450 |
| Ritual Dagger | 1 | 125 |
| Orb of Corruption | 1 | 375 |
| Dust of Appearance | 2 | 150 |
| Pendant of Energy | 1 | 300 |
| total: | 8 | 1400g |
| Acolyte | 2 | 150 | / | 0 |
| Ghoul | 3 | 360 | / | 0 |
| Crypt Fiend | 9 | 1935 | / | 360 |
| Abomination | 4 | 960 | / | 280 |
| total: | 18 | 3405g | / | 640w |
| Crypt | 1 | 200 | / | 50 |
| Graveyard | 1 | 215 | / | 0 |
| Altar of Darkness | 1 | 180 | / | 50 |
| Ziggurat | 6 | 900 | / | 300 |
| Tomb of Relics | 1 | 130 | / | 30 |
| Slaughterhouse | 1 | 140 | / | 135 |
| Halls of the Dead | 1 | 320 | / | 210 |
| Black Citadel | 1 | 325 | / | 230 |
| total: | 11 | 1765g | / | 565w |
| 0:02 | Acolyte |
| 0:05 | Crypt |
| 0:10 | Graveyard |
| 0:16 | Acolyte |
| 0:39 | Altar of Darkness |
| 0:55 | Ziggurat |
| 1:16 | Ghoul |
| 1:30 | Tomb of Relics |
| 1:46 | Crypt Fiend |
| 1:58 | Ziggurat |
| 2:20 | Crypt Fiend |
| 2:42 | Rod of Necromancy |
| 2:48 | Death Coil |
| 3:28 | Dust of Appearance |
| 3:33 | Crypt Fiend |
| 4:05 | Halls of the Dead |
| 4:06 | Crypt Fiend |
| 4:08 | Unholy Aura |
| 4:22 | Rod of Necromancy |
| 4:23 | Ritual Dagger |
| 5:00 | Crypt Fiend |
| 5:03 | Ziggurat |
| 5:27 | Creature Attack |
| 5:54 | Ghoul |
| 5:54 | Ghoul |
| 6:11 | Death Coil |
| 6:34 | Crypt Fiend |
| 7:03 | Black Citadel |
| 7:11 | Burrow |
| 7:37 | Rod of Necromancy |
| 7:42 | Dust of Appearance |
| 7:56 | Frost Nova |
| 8:03 | Ziggurat |
| 8:04 | Slaughterhouse |
| 8:37 | Creature Carapace |
| 8:42 | Improved Creature Attack |
| 8:42 | Unholy Armor |
| 9:24 | Dark Ritual |
| 9:25 | Unholy Aura |
| 9:35 | Pendant of Energy |
| 9:54 | Abomination |
| 10:25 | Orb of Corruption |
| 10:27 | Impale |
| 10:39 | Disease Cloud |
| 10:43 | Web |
| 11:09 | Ziggurat |
| 11:24 | Ziggurat |
| 11:25 | Crypt Fiend |
| 11:57 | Improved Unholy Armor |
| 12:27 | Abomination |
| 12:30 | Abomination |
| 13:09 | Frost Nova |
| 13:15 | Crypt Fiend |
| 13:46 | Spiked Carapace |
| 13:54 | Abomination |
| 13:54 | Crypt Fiend |
| 13:56 | Death Coil |
| Select group | 1243 |
| Right click | 510 |
| Select | 263 |
| Misc. action | 152 |
| Chat | 88 |
| Build/train/purchase | 74 |
| Assign group | 51 |
| Use ability | 25 |
| Minimap ping | 9 |
| Item give/drop | 3 |
| Esc | 1 |



| Rod of Necromancy | 6 | 900 |
| Orb of Corruption | 1 | 375 |
| Scroll of Healing | 2 | 500 |
| Potion of Lesser Invulnerability | 1 | 150 |
| total: | 10 | 1925g |
| Acolyte | 2 | 150 | / | 0 |
| Ghoul | 2 | 240 | / | 0 |
| Crypt Fiend | 8 | 1720 | / | 320 |
| Obsidian Statue | 4 | 800 | / | 140 |
| Abomination | 1 | 240 | / | 70 |
| total: | 17 | 3150g | / | 530w |
| Nerubian Tower | 1 | 100 | / | 20 |
| Crypt | 1 | 200 | / | 50 |
| Graveyard | 1 | 215 | / | 0 |
| Altar of Darkness | 1 | 180 | / | 50 |
| Ziggurat | 6 | 900 | / | 300 |
| Tomb of Relics | 1 | 130 | / | 30 |
| Slaughterhouse | 1 | 140 | / | 135 |
| Halls of the Dead | 2 | 640 | / | 420 |
| Black Citadel | 2 | 650 | / | 460 |
| total: | 11 | 1765g | / | 565w |
| 0:05 | Acolyte |
| 0:08 | Crypt |
| 0:11 | Graveyard |
| 0:19 | Acolyte |
| 0:43 | Altar of Darkness |
| 0:58 | Ziggurat |
| 1:10 | Ghoul |
| 1:29 | Tomb of Relics |
| 1:49 | Crypt Fiend |
| 2:00 | Ziggurat |
| 2:21 | Crypt Fiend |
| 2:45 | Rod of Necromancy |
| 2:45 | Rod of Necromancy |
| 2:57 | Death Coil |
| 2:58 | Crypt Fiend |
| 3:11 | Nerubian Tower |
| 3:38 | Halls of the Dead |
| 3:59 | Crypt Fiend |
| 4:16 | Unholy Aura |
| 4:17 | Ziggurat |
| 4:40 | Ghoul |
| 5:04 | Death Coil |
| 5:10 | Crypt Fiend |
| 5:39 | Rod of Necromancy |
| 5:40 | Rod of Necromancy |
| 6:09 | Slaughterhouse |
| 6:42 | Black Citadel |
| 6:47 | Ziggurat |
| 7:09 | Rod of Necromancy |
| 7:09 | Rod of Necromancy |
| 7:18 | Obsidian Statue |
| 7:22 | Frost Nova |
| 7:40 | Crypt Fiend |
| 7:59 | Obsidian Statue |
| 8:02 | Burrow |
| 9:04 | Orb of Corruption |
| 9:10 | Destroyer Form |
| 10:13 | Frost Armor |
| 10:19 | Unholy Aura |
| 10:26 | Impale |
| 10:32 | Ziggurat |
| 10:57 | Web |
| 11:01 | Creature Attack |
| 11:01 | Improved Creature Attack |
| 11:18 | Scroll of Healing |
| 11:49 | Crypt Fiend |
| 11:49 | Abomination |
| 11:52 | Ziggurat |
| 12:19 | Potion of Lesser Invulnerability |
| 12:20 | Scroll of Healing |
| 12:28 | Obsidian Statue |
| 13:37 | Obsidian Statue |
| 13:37 | Crypt Fiend |
| Select group | 2453 |
| Right click | 678 |
| Select | 428 |
| Misc. action | 95 |
| Build/train/purchase | 85 |
| Chat | 77 |
| Use ability | 40 |
| Assign group | 27 |
| Item give/drop | 8 |
| Esc | 2 |
| Minimap ping | 1 |
49 units @ 7.4k
/ 1k
26 buildings @ 3.2k
/ 1.1k


| Healing Salve | 1 | 100 |
| Lesser Clarity Potion | 2 | 140 |
| Potion of Healing | 1 | 150 |
| Tiny Great Hall | 1 | 600 |
| Circlet of Nobility | 1 | 175 |
| total: | 6 | 1165g |
| Peon | 7 | 525 | / | 0 |
| Spirit Walker | 3 | 585 | / | 105 |
| Tauren | 7 | 1960 | / | 560 |
| total: | 17 | 3070g | / | 665w |
| Altar of Storms | 1 | 180 | / | 50 |
| Orc Burrow | 5 | 800 | / | 200 |
| Voodoo Lounge | 1 | 130 | / | 30 |
| War Mill | 1 | 205 | / | 0 |
| Tauren Totem | 2 | 270 | / | 310 |
| Stronghold | 1 | 315 | / | 190 |
| Fortress | 1 | 325 | / | 190 |
| total: | 10 | 1585g | / | 590w |
| 0:03 | Peon |
| 0:03 | Peon |
| 0:07 | Altar of Storms |
| 0:20 | Orc Burrow |
| 0:21 | Peon |
| 0:41 | Peon |
| 0:50 | Voodoo Lounge |
| 0:53 | Peon |
| 0:59 | Peon |
| 1:20 | Peon |
| 2:07 | Stronghold |
| 2:09 | Healing Salve |
| 2:09 | Lesser Clarity Potion |
| 2:12 | Wind Walk |
| 2:28 | Circlet of Nobility |
| 2:33 | Orc Burrow |
| 4:16 | War Mill |
| 4:29 | Tauren Totem |
| 4:31 | Fortress |
| 4:39 | Lesser Clarity Potion |
| 5:23 | Tauren Totem |
| 5:42 | Spirit Walker |
| 5:44 | Orc Burrow |
| 5:51 | War Stomp |
| 6:35 | Spirit Walker |
| 6:58 | Tauren |
| 7:00 | Tauren |
| 7:03 | Orc Burrow |
| 7:38 | Critical Strike |
| 8:00 | Endurance Aura |
| 8:02 | Tauren |
| 8:03 | Tauren |
| 8:16 | Orc Burrow |
| 8:22 | Potion of Healing |
| 8:39 | Pulverize |
| 8:59 | Spirit Walker Adept Training |
| 9:16 | Steel Armor |
| 10:19 | Tauren |
| 10:22 | Spirit Walker Master Training |
| 10:24 | Thorium Armor |
| 10:50 | Wind Walk |
| 10:57 | Tauren |
| 11:05 | Tiny Great Hall |
| 11:48 | Spirit Walker |
| 12:28 | Tauren |
| 13:10 | Storm Bolt |
| 13:20 | Endurance Aura |
| Right click | 1012 |
| Select group | 824 |
| Select | 265 |
| Build/train/purchase | 84 |
| Chat | 60 |
| Misc. action | 34 |
| Assign group | 19 |
| Use ability | 14 |
| Minimap ping | 5 |
| Item give/drop | 2 |
| Esc | 1 |
⇛
gurada18
(3)
(11:50) : 

| Scroll of Regeneration | 1 | 100 |
| Lesser Clarity Potion | 1 | 70 |
| Potion of Healing | 1 | 150 |
| Potion of Mana | 1 | 200 |
| Boots of Speed | 1 | 250 |
| total: | 5 | 770g |
| Peasant | 11 | 825 | / | 0 |
| Footman | 9 | 1215 | / | 0 |
| Rifleman | 8 | 1640 | / | 240 |
| Priest | 3 | 405 | / | 30 |
| Spell Breaker | 1 | 215 | / | 30 |
| total: | 32 | 4300g | / | 300w |
| Scout Tower | 1 | 30 | / | 20 |
| Arcane Tower | 1 | 70 | / | 50 |
| Altar of Kings | 1 | 180 | / | 50 |
| Barracks | 1 | 160 | / | 60 |
| Farm | 9 | 720 | / | 180 |
| Arcane Vault | 1 | 130 | / | 30 |
| Blacksmith | 1 | 140 | / | 60 |
| Lumber Mill | 1 | 120 | / | 0 |
| Arcane Sanctum | 1 | 150 | / | 140 |
| Keep | 1 | 320 | / | 210 |
| total: | 16 | 1630g | / | 540w |
| 0:01 | Peasant |
| 0:01 | Peasant |
| 0:08 | Altar of Kings |
| 0:18 | Barracks |
| 0:20 | Peasant |
| 0:33 | Farm |
| 0:37 | Peasant |
| 1:01 | Peasant |
| 1:03 | Farm |
| 1:15 | Peasant |
| 1:18 | Footman |
| 1:36 | Scout Tower |
| 1:40 | Peasant |
| 1:42 | Farm |
| 1:50 | Footman |
| 1:50 | Footman |
| 2:02 | Arcane Tower |
| 2:07 | Summon Water Elemental |
| 2:11 | Footman |
| 2:11 | Footman |
| 2:11 | Footman |
| 2:18 | Peasant |
| 2:18 | Peasant |
| 2:18 | Peasant |
| 2:18 | Peasant |
| 2:40 | Footman |
| 3:03 | Brilliance Aura |
| 3:12 | Arcane Vault |
| 3:12 | Footman |
| 3:27 | Footman |
| 4:10 | Keep |
| 4:12 | Farm |
| 4:28 | Summon Water Elemental |
| 4:37 | Blacksmith |
| 4:52 | Scroll of Regeneration |
| 4:55 | Lesser Clarity Potion |
| 5:07 | Farm |
| 5:21 | Defend |
| 5:32 | Lumber Mill |
| 5:51 | Rifleman |
| 6:20 | Farm |
| 6:20 | Rifleman |
| 7:01 | Long Rifles |
| 7:08 | Brilliance Aura |
| 7:29 | Arcane Sanctum |
| 7:35 | Rifleman |
| 7:36 | Rifleman |
| 7:36 | Rifleman |
| 7:41 | Storm Bolt |
| 8:29 | Potion of Healing |
| 8:30 | Potion of Mana |
| 8:41 | Rifleman |
| 9:04 | Rifleman |
| 9:05 | Priest |
| 9:05 | Priest |
| 9:12 | Spell Breaker |
| 9:12 | Farm |
| 9:15 | Thunder Clap |
| 10:04 | Priest |
| 10:05 | Rifleman |
| 10:23 | Farm |
| 10:23 | Farm |
| 10:27 | Black Gunpowder |
| 10:28 | Studded Leather Armor |
| 10:43 | Boots of Speed |
| Right click | 641 |
| Select group | 411 |
| Select | 320 |
| Misc. action | 110 |
| Assign group | 87 |
| Build/train/purchase | 75 |
| Resource trade | 5 |
| Use ability | 3 |
| Item give/drop | 3 |
| Esc | 1 |
| Minimap ping | 1 |